 Dungeon Crawl Stone Soup version 0.25.0-37-gb73750e0fb (webtiles) character file.

Game seed: 16757709540602527819

392 DocSulfur the Conjurer (level 6, -1/32 HPs)
             Began as a Deep Elf Wizard on July 8, 2020.
             Splashed by a jelly's acid (9 damage)
             ... on level 4 of the Dungeon.
             The game lasted 00:19:14 (5565 turns).

DocSulfur the Conjurer (Deep Elf Wizard)            Turns: 5565, Time: 00:19:15

Health: -1/32      AC:  2    Str:  4      XL:     6   Next: 50%
Magic:  5/15       EV: 12    Int: 25      God:
Gold:   69         SH:  0    Dex: 12 (13) Spells: 4/15 levels left

rFire    . . .     SeeInvis .   c - +0 hunting sling
rCold    . . .     Gourm    .   (no shield)
rNeg     . . .     Faith    .   a - +0 robe
rPois    .         Spirit   .   b - +0 hat
rElec    .         Reflect  .   (no cloak)
rCorr    .         Harm     .   (no gloves)
MR       .....                  (no boots)
Stlth    ++........             (no amulet)
HPRegen  0.10/turn              (no ring)
MPRegen  0.14/turn              (no ring)

@: no status effects
A: no striking features
a: no special abilities


You were on level 4 of the Dungeon.
You were not hungry.

You visited 1 branch of the dungeon, and saw 5 of its levels.

You collected 173 gold pieces.
You spent 104 gold pieces at shops.

Inventory:

Hand Weapons
 c - a +0 hunting sling (weapon)
 o - a +0 short sword
Missiles
 p - 241 stones (quivered)
Armour
 a - a +0 robe (worn)
 b - a +0 hat (worn)
 r - the +3 chain mail "Mem Heh" {Str+3 Int+3 Dex+3}
   (You found it on level 4 of the Dungeon)

   It affects your strength (+3).
   It affects your intelligence (+3).
   It affects your dexterity (+3).
Jewellery
 x - an uncursed amulet of magic regeneration {unknown}
Wands
 v - a wand of flame (1)
Scrolls
 f - 3 scrolls of fog
 g - a scroll of enchant weapon {unknown}
 l - a scroll of teleportation
 m - a scroll of amnesia
 n - a scroll of magic mapping {unknown}
 q - a scroll of enchant armour {unknown}
 t - 2 scrolls of remove curse
Potions
 e - 3 potions of lignification
 h - a potion of heal wounds {unknown}
 i - 2 potions of curing
 j - a potion of stabbing
 k - 2 potions of berserk rage
 s - a potion of flight
 u - a potion of ambrosia
Comestibles
 d - 6 rations


   Skills:
 - Level 2.4 Dodging
 - Level 2.4 Stealth
 - Level 5.0 Spellcasting
 - Level 6.0 Conjurations
 - Level 1.1 Summonings
 - Level 1.1 Translocations
 + Level 1.8 Fire Magic
 + Level 1.8 Air Magic
 + Level 1.8 Poison Magic


You had 4 spell levels left.
You knew the following spells:

 Your Spells              Type           Power        Failure   Level  Hunger
a - Magic Dart            Conj           ####         1%          1    None
b - Conjure Flame         Conj/Fire      ####....     4%          3    ##.....
c - Mephitic Cloud        Conj/Pois/Air  ###.....     7%          3    ##.....
d - Call Imp              Summ           ##......     8%          2    None
e - Blink                 Tloc           N/A          8%          2    None

Your spell library contained the following spells:

 Spells                   Type           Power        Failure   Level  Hunger
 Corpse Rot               Necr/Air       N/A          9%          2    None
 Slow                     Hex            #.......     12%         2    None
 Sublimation of Blood     Necr           #.........   12%         2    None
 Dispel Undead            Necr           #.......     63%         4    ####...
 Agony                    Necr           #.......     92%         5    #####..
 Excruciating Wounds      Chrm/Necr      #.........   92%         5    #####..


Dungeon Overview and Level Annotations

Branches:
Dungeon (5/15)
 Temple: D:4-7

Altars:
Nemelex Xobeh

Shops:
D:4 ?

Annotations:
D:5 2 transporters, Eustachio


Message History

There is a stone staircase leading down here.
Casting: Magic Dart (safe; 1% risk of failure)
Confirm with . or Enter, or press ? or * to list all spells.
Aiming: Magic Dart (safe; 1% risk of failure)
Press: ? - help, Shift-Dir - straight line, f - jelly
Aim: a jelly The magic dart hits the jelly!
The jelly is heavily wounded.
The jelly hits you but does no damage.
Casting: Magic Dart (safe; 1% risk of failure)
Confirm with . or Enter, or press ? or * to list all spells.
Aiming: Magic Dart (safe; 1% risk of failure)
Press: ? - help, Shift-Dir - straight line, f/p - jelly
Aim: a jelly (heavily wounded)
The magic dart hits the jelly!
The jelly is almost dead.
The jelly hits you.
* * * LOW HITPOINT WARNING * * *
You are splashed with acid!
You die...

##.......######
#.⌠.⌠..........
#.^∩...........
#.⌠.⌠....####..
#........####.#
#.##.###......#
#.##.# #.######
####.##.# #...#
##@##....#
###.#
#.J......# #.#
##.####.## #.#
#.# #.# #.#
###<# #.# #.#
#...# #.# ##.##
#.###
#.#####...###
#.#
#.......>....
#.#
#............


You could see a jelly.

Vanquished Creatures
  Natasha (thrice) (D:4)
  An orc wizard (D:4)
  Robin (D:3)
  6 gnolls
  7 adders
  3 oozes
  2 worms
  2 dart slugs
  A leopard gecko (D:3)
  5 orcs
  2 ball pythons (D:3)
  6 bats
  A giant cockroach (D:3)
  17 goblins
  13 hobgoblins
  4 jackals (D:1)
  5 frilled lizards
  3 kobolds
  A quokka zombie (D:5)
  4 rats (D:1)
87 creatures vanquished.

Vanquished Creatures (collateral kills)
  A quasit (D:5)
  A hound (D:4)
  A worker ant zombie (D:5)
  An ooze (D:5)
4 creatures vanquished.

Grand Total: 91 creatures vanquished

Notes
Turn   | Place    | Note
-------+----------+-------------------------------------------
     0 | D:1      | DocSulfur the Deep Elf Wizard began the quest for the Orb.
     0 | D:1      | Reached XP level 1. HP: 10/10 MP: 7/7
   460 | D:1      | Reached skill level 2 in Conjurations
   496 | D:1      | Reached XP level 2. HP: 15/15 MP: 7/9
  1416 | D:2      | Reached XP level 3. HP: 19/19 MP: 7/11
  1421 | D:2      | Reached skill level 5 in Spellcasting
  1421 | D:2      | Reached skill level 3 in Conjurations
  2443 | D:3      | Learned a level 3 spell: Conjure Flame
  2447 | D:3      | Learned a level 3 spell: Mephitic Cloud
  2451 | D:3      | Reached skill level 4 in Conjurations
  2451 | D:3      | Reached XP level 4. HP: 24/24 MP: 7/13
  2458 | D:3      | Learned a level 2 spell: Blink
  2461 | D:3      | Learned a level 2 spell: Call Imp
  3022 | D:3      | Reached skill level 5 in Conjurations
  3070 | D:3      | Noticed Robin
  3076 | D:3      | Reached XP level 5. HP: 28/28 MP: 12/14
  3082 | D:3      | Killed Robin
  3647 | D:3      | Found a sparkling altar of Nemelex Xobeh.
  3923 | D:4      | Noticed Natasha
  3932 | D:4      | Killed Natasha
  4079 | D:4      | Noticed Natasha
  4084 | D:4      | Killed Natasha
  4089 | D:4      | Noticed Natasha
  4096 | D:4      | Killed Natasha
  4096 | D:4      | Reached skill level 6 in Conjurations
  4096 | D:4      | Reached skill level 1 in Fire Magic
  4096 | D:4      | Reached skill level 1 in Air Magic
  4096 | D:4      | Reached skill level 1 in Poison Magic
  4096 | D:4      | Reached XP level 6. HP: 11/32 MP: 6/15
  4434 | D:5      | Entered Level 5 of the Dungeon
  4434 | D:5      | Found a transporter.
  4444 | D:4      | Found Aclaiwun's Magic Scroll Shop.
  4453 | D:4      | Bought a scroll of identify for 26 gold pieces
  4453 | D:4      | Bought a scroll of identify for 26 gold pieces
  4453 | D:4      | Bought a scroll of identify for 26 gold pieces
  4453 | D:4      | Bought a scroll of identify for 26 gold pieces
  4487 | D:4      | Got a steaming chain mail
  4497 | D:4      | Identified the +3 chain mail "Mem Heh" {Str+3 Int+3 Dex+3}
                  | (You found it on level 4 of the Dungeon)
  4724 | D:4      | Got a glimmering chain mail
  4734 | D:4      | Identified the +1 chain mail of Wedaest {Harm} (You found
                  | it on level 4 of the Dungeon)
  4930 | D:5      | Noticed an ice beast
  5305 | D:5      | Noticed Eustachio
  5359 | D:5      | Found a transporter.
  5565 | D:4      | Splashed by a jelly's acid

Illustrated notes

Levels and vault maps discovered:
D:1:      sevenhm_arrival_forest_fort_large_4, layout_basic,
          chequers_serial_rivers_micro_d, minmay_ruptured
D:2:      layout_rooms, minmay_small_reverse_x
D:3:      layout_basic, minmay_fountain_box, kennysheep_another_room,
          kennysheep_nondescript, nemelex_dance_club_becter, uniq_robin
D:4:      layout_loops_ring, first_ration, serial_shops, shop_fountains,
          uniq_natasha
D:5:      gammafunk_steamed_eel, layout_cave_pools,
          lemuel_zombie_altar_yredelemnul, minmay_misc_feat_tower, st_stairs_7,
          palyth_stone_intersect, kennysheep_generic_room_14, uniq_pikel,
          uniq_eustachio

Skill      XL: |  1  2  3  4  5 |
---------------+----------------+-----
Conjurations   | 2 4 5 6 |  6.0
Spellcasting   | 5 |  5.0
Fire Magic     | 1 |  1.8
Air Magic      | 1 |  1.8
Poison Magic   | 1 |  1.8
Dodging        | |  2.4
Stealth        | |  2.4
Summonings     | |  1.1
Translocations | |  1.1

Action                   |  1- 3 |  4- 6 || total
-------------------------+-------+-------++-------
 Cast: Magic Dart        |    93 |   152 ||   245
       Call Imp          |       |     9 ||     9
       Mephitic Cloud    |       |     2 ||     2
       Conjure Flame     |       |     1 ||     1
Evoke: Wand              |       |     2 ||     2
  Use: Scroll            |     5 |     6 ||    11
  Eat: Chunk             |     3 |     6 ||     9
       Ration            |       |     2 ||     2
Armor: Robe              |     3 |     2 ||     5
Dodge: Dodged            |    22 |    24 ||    46
